 Dungeon Crawl Stone Soup version 0.30.1-9-gdf580d7c3d (webtiles) character file.

Game seed: 18238502385341599062

20 CaptainMV the Charlatan (level 2, -4/22 HPs)
             Began as a Naga Wanderer on Oct 12, 2023.
             Slain by a swamp drake (11 damage)
             ... on level 2 of the Dungeon on Oct 23, 2023.
             The game lasted 00:07:13 (674 turns).

CaptainMV the Charlatan (Naga Wanderer)              Turns: 674, Time: 00:07:14

Health: -4/22      AC:  2    Str: 14    XL:     2   Next: 79%
Magic:  3/3        EV:  9    Int:  9    God:
Gold:   35         SH:  0    Dex: 13    Spells: 3/3 levels left

rFire   . . .        b - +0 spear
rCold   . . .        (no shield)
rNeg    . . .        e - +0 leather armour
rPois   +            (no helmet)
rElec   .            (no cloak)
rCorr   .            (no gloves)
SInv    +            (no barding)
Will    .....        (no amulet)
Stlth   +            (no ring)
HPRegen 0.23/turn    (no ring)
MPRegen 0.08/turn

%: no passive effects
@: very slow
A: AC +0, large, see invisible, deformed body, poison resistance, slowness 2,
spit poison 1, naga tail 1
a: Spit Poison


You were on level 2 of the Dungeon.
You visited 1 branch of the dungeon, and saw 2 of its levels.

You collected 35 gold pieces.

Inventory:

Hand Weapons
 a - a +0 shortbow
 b - a +0 spear (weapon)
Armour
 e - a +0 leather armour (worn)
Scrolls
 g - a scroll of blinking
 j - a scroll of fear {unknown}
Potions
 d - 3 potions of attraction
 f - a potion of resistance
 h - a potion of ambrosia {unknown}
 i - a potion of mutation


   Skills:
 + Level 1.1 Polearms
 + Level 2.0 Ranged Weapons
 + Level 1.0 Throwing
 + Level 2.1 Armour
 + Level 1.0 Dodging
 + Level 0.4 Stealth
 + Level 1.0 Spellcasting
 + Level 2.2 Evocations


You had 3 spell levels left.
You didn't know any spells.
Your spell library was empty.

Dungeon Overview and Level Annotations

Branches:
Dungeon (2/15)

Altars:


Innate Abilities, Weirdness & Mutations

Your serpentine skin is tough. (AC +0)
You have supernaturally acute eyesight. (SInv)
Armour fits poorly on your strangely shaped body.
Your system is resistant to poisons. (rPois)
You cover ground very slowly.
You can spit poison.
You have a snake-like lower body.


Message History

The hobgoblin shouts!
Aiming: Spit Poison (2% risk of failure)
Press: ? - help, Shift-Dir - straight line, f - endoplasm
Aim: an endoplasm (97% to hit)
The splash of poison hits the endoplasm.
The endoplasm completely resists.
The endoplasm barely misses you.
You closely miss the adder. The adder bites you. The endoplasm hits you.
You closely miss the adder.
You have got your breath back.
The adder bites you.
The endoplasm hits you but does no damage.
The adder bites you.
You hit the adder but do no damage. The adder bites you.
You are poisoned.
The adder poisons you! The adder bites you but does no damage.
Aiming: Polymorph
Press: ? - help, Q - select action, (/) - cycle Shift-Dir - straight line, f/p - endoplasm
Aim: an endoplasm (will become a hobgoblin, an orc, or a jackal, chance to affect: 71%)
The adder evaporates and reforms as a swamp drake!
The now-empty wand crumbles to dust.
You feel sick.
Blink to where?
Press: ? - help, Q - select action, (/) - cycle Dir - move target, p - endoplasm
As you read the scroll of blinking, it crumbles to dust.
You feel sick.
You feel sick.
You feel sick. The swamp drake breathes poison at you.
Found an escape hatch in the ceiling.
You feel sick.
You are no longer poisoned.
The swamp drake breathes poison at you. The noxious blast misses you.
Found a pair of boots.
You closely miss the swamp drake. The swamp drake bites you.
* * * LOW HITPOINT WARNING * * *
You hit the swamp drake.
The swamp drake is lightly wounded.
The swamp drake bites you!
Ouch! That really hurt!
You die...

#.....##.#...##...#.
###......... .
#.#.##....
#.#####.#.##....
................
................
.[.....g.......
...##J#k####...
.......@.......
...##......#... # ..
#......# . .
........# #
....#.#### #
......... +
......... #
......... .


You could see a swamp drake, an endoplasm and a hobgoblin.

Vanquished Creatures
  A dart slug (D:1)
  A ball python (D:1)
  5 bats
  3 endoplasms (D:1)
  3 kobolds
  2 frilled lizards
  A rat (D:1)
16 creatures vanquished.

Notes
Turn   | Place    | Note
-------+----------+-------------------------------------------
     0 | D:1      | CaptainMV the Naga Wanderer began the quest for the Orb.
     0 | D:1      | CaptainMV set off with the following items: a +0 shortbow,
                  | a +0 spear, a wand of polymorph (3), a potion of
                  | attraction, a +0 leather armour.
     0 | D:1      | Reached XP level 1. HP: 15/15 MP: 2/2
   160 | D:1      | Reached XP level 2. HP: 22/22 MP: 3/3
   655 | D:2      | an adder changed into a swamp drake
   655 | D:2      | Noticed a swamp drake
   674 | D:2      | Slain by a swamp drake

Illustrated notes

Levels and vault maps discovered:
D:1:      minmay_arrival_nine_rooms, layout_basic, lexackson_kobold_supper
D:2:      minmay_alternating_diamond, layout_basic, minmay_misc_feat_doors,
          uniq_jessica

Skill      XL: |  1  2 |
---------------+-------+-----
Ranged Weapons | 2 |  2.0
Armour         | 2 |  2.1
Polearms       | |  1.1
Throwing       | |  1.0
Dodging        | |  1.0
Stealth        | |  0.4
Spellcasting   | |  1.0
Evocations     | |  2.2

Action                     || total
---------------------------++-------
  Melee: Spear             ||    31
   Fire: Shortbow          ||    30
Ability: Spit Poison       ||     2
  Evoke: Wand              ||     3
    Use: Scroll            ||     6
   Stab: Sleeping          ||     1
 Armour: Leather armour    ||    19
  Dodge: Dodged            ||    36
